 Dungeon Crawl Stone Soup version 0.27-b1-23-g44b8eac545 (webtiles) character file.

Game seed: 812373189475945912

109 Gorgoleon the Sneak (level 4, 0/21 HPs)
             Began as a Spriggan Enchanter on July 28, 2021.
             Slain by a gnoll (12 damage)
             ... on level 3 of the Dungeon.
             The game lasted 00:10:59 (3383 turns).

Gorgoleon the Sneak (Spriggan Enchanter)            Turns: 3383, Time: 00:11:00

Health: 0/21       AC:  3    Str:  4    XL:     4   Next: 60%
Magic:  5/9        EV: 17    Int: 16    God:
Gold:   60         SH:  0    Dex: 16    Spells: 0/9 levels left

rFire    . . .     SeeInvis +   a - +1 dagger
rCold    . . .     Faith    .   (shield restricted)
rNeg     . . .     Spirit   .   b - +1 robe
rPois    .         Reflect  .   (helmet restricted)
rElec    .         Harm     .   (no cloak)
rCorr    .         Rampage  .   (gloves unavailable)
Will     .....                  (boots unavailable)
Stlth    +++.......             (no amulet)
HPRegen  0.07/turn              (no ring)
MPRegen  0.11/turn              (no ring)

@: very quick
A: very small, no large weapons, unfitting armour, see invisible, speed 3
a: no special abilities


You were on level 3 of the Dungeon.
You visited 1 branch of the dungeon, and saw 3 of its levels.

You collected 60 gold pieces.

Inventory:

Hand Weapons
 a - a +1 dagger (weapon)
Armour
 b - a +1 robe (worn)
Scrolls
 d - 4 scrolls of teleportation
Potions
 c - 3 potions of curing
 e - a potion of flight {unknown}
 g - a potion of resistance
 h - a potion of heal wounds {unknown}


   Skills:
 * Level 2.8 Short Blades
 - Level 3.0 Dodging
 - Level 5.0 Stealth
 - Level 3.0 Spellcasting
 * Level 4.9 Hexes
 - Level 1.0 Ice Magic


You couldn't memorise any spells.
You knew the following spells:

 Your Spells              Type           Power      Damage    Failure   Level
a - Corona                Hex            20%        N/A       2%          1
b - Ensorcelled Hibernat  Hex/Ice        22%        N/A       9%          2
c - Confusing Touch       Hex            18%        N/A       8%          3
d - Tukima's Dance        Hex            18%        N/A       8%          3

Your spell library contained the following spells:

 Spells                   Type           Power      Damage    Failure   Level
 Dazzling Flash           Conj/Hex       20%        N/A       21%         3


Dungeon Overview and Level Annotations

Branches:
Dungeon (3/15)

Altars:


Innate Abilities, Weirdness & Mutations

You are very small and have problems with some larger weapons.
You are too small for most types of armour.
You have supernaturally acute eyesight. (SInv)
You cover ground extremely quickly. (Speed+++)


Message History

Aiming: Ensorcelled Hibernation (safe; 9% risk of failure)
Press: ? - help, Shift-Dir - straight line, f - gnoll
Aim: a gnoll, wielding a +0 whip (chance to affect: 50%)
The gnoll looks drowsy...
The helpless gnoll fails to defend itself.
You impale the gnoll!!
You kill the gnoll!
The gnoll misses you.
Casting: Ensorcelled Hibernation (safe; 9% risk of failure)
Confirm with . or Enter, or press ? or * to list all spells.
Aiming: Ensorcelled Hibernation (safe; 9% risk of failure)
Press: ? - help, Shift-Dir - straight line, f - gnoll
Aim: a gnoll, wielding a +0 spear (chance to affect: 50%)
The gnoll is unaffected.
The gnoll misses you. The gnoll barely misses you.
There is an escape hatch in the ceiling here.
A mysterious force pulls you upwards. The hatch slams shut behind you.
HP restored.
Magic restored.
Done exploring.
There is a stone staircase leading down here.
You climb downwards.
There is a stone staircase leading up here.
A gnoll is nearby!
Casting: Ensorcelled Hibernation (safe; 9% risk of failure)
Confirm with . or Enter, or press ? or * to list all spells.
Aiming: Ensorcelled Hibernation (safe; 9% risk of failure)
Press: ? - help, Shift-Dir - straight line, f - gnoll
Aim: a gnoll, wielding a +1 flail of protection (chance to affect: 50%)
The gnoll resists with some effort.
The gnoll shouts!
The gnoll hits you with a +1 flail of protection!
Casting: Ensorcelled Hibernation (safe; 9% risk of failure)
Confirm with . or Enter, or press ? or * to list all spells.
Aiming: Ensorcelled Hibernation (safe; 9% risk of failure)
Press: ? - help, Shift-Dir - straight line, f/p - gnoll
Aim: a gnoll, wielding a +1 flail of protection (chance to affect: 50%)
The gnoll resists with some effort.
The gnoll hits you with a +1 flail of protection!
Ouch! That really hurt!
You die...

#......##g#.# #.###.#####
#..#....##.#..##.###.....#
...###...##.##)####...#####
..#..#....##.# ......#...#
....#......##.#########.#.#
....###..).##....#......#.###
#........###.###....###
#........#.............
#<...g@........#.##..##
#..g....##.#.#....#..##
............#.#..#.#..##
...#.##...##..#.#..#......
##..######.)<..#....#.##...
#. ###.#.####.#.##..# ##
#.#.# #.#.##...
##.#.####.#.##..#
#................


You could see 2 gnolls.

Vanquished Creatures
  An iguana (D:2)
  2 gnolls (D:3)
  An adder (D:2)
  A worm (D:2)
  A dart slug (D:1)
  6 endoplasms
  A giant cockroach (D:1)
  7 goblins
  2 hobgoblins
  2 jackals (D:1)
  A quokka (D:2)
  4 ball pythons
  8 bats
  5 kobolds
  5 rats (D:1)
47 creatures vanquished.

Notes
Turn   | Place    | Note
-------+----------+-------------------------------------------
     0 | D:1      | Gorgoleon the Spriggan Enchanter began the quest for the
                  | Orb.
     0 | D:1      | Reached XP level 1. HP: 9/9 MP: 5/5
   152 | D:1      | You fall into a shaft and drop 1 floor!
   301 | D:1      | Found a faded altar of an unknown god.
   331 | D:1      | Reached XP level 2. HP: 13/13 MP: 5/7
   358 | D:1      | Learned a level 2 spell: Ensorcelled Hibernation
   986 | D:1      | Reached skill level 5 in Stealth
  1267 | D:1      | Reached XP level 3. HP: 16/16 MP: 8/8
  2138 | D:2      | Reached skill level 1 in Ice Magic
  2138 | D:2      | Reached XP level 4. HP: 4/21 MP: 6/9
  3054 | D:3      | Learned a level 3 spell: Confusing Touch
  3058 | D:3      | Learned a level 3 spell: Tukima's Dance
  3383 | D:3      | Slain by a gnoll

Illustrated notes

Levels and vault maps discovered:
D:1:      lightli_iron_boxes, layout_basic, ebering_ecumenical_altar_webs,
          minmay_misc_feat_x
D:2:      layout_basic
D:3:      gammafunk_wand_slinger, layout_basic, lemuel_coloured_pillars_altar,
          serial_glass, glass_columns_a, glass_columns_a, due_unseen_surprise,
          minmay_strange_pillars, minmay_strange_pillars,
          minmay_strange_pillars, st_stairs_2, minmay_stone_trees_small,
          dk_vineyard_2, kennysheep_orc_chapel

Skill      XL: |  1  2  3 |
---------------+----------+-----
Spellcasting   | 3 |  3.0
Hexes          | 4 |  4.9
Stealth        | 5 |  5.0
Dodging        | 3 |  3.0
Short Blades   | 2 |  2.8
Ice Magic      | 1 |  1.0

Action                   |  1- 3 |  4- 6 || total
-------------------------+-------+-------++-------
Melee: Dagger            |    72 |    21 ||    93
 Cast: Corona            |    18 |     3 ||    21
       Ensorcelled Hiber |    16 |    12 ||    28
  Use: Scroll            |     5 |     3 ||     8
 Stab: Sleeping          |    22 |    10 ||    32
Armor: Robe              |     9 |     5 ||    14
Dodge: Dodged            |    42 |    16 ||    58
